Map: Sequencer LE

Players

PtitDrogo

  • Race: Protoss Protoss
  • League: Master
  • Spawn Location: 7:00

liquidthermy (uThermal) - Winner!

  • Race: Terran Terran
  • League: Master
  • Spawn Location: 1:00

Event: HomeStory Cup XV

VOD

Have the link to the VOD?

Description

Time

  • Played on: July 22, 2017, 6:19 p.m.
  • Length: 9:35

All games in this series

Show
View Real Time Build Order
Export as new Build Order

PtitDrogo Protoss 

Build Orders: Oracle Opening 

Get SALT Encoding   

  12  0:00  Probe (Chrono Boost)  
  13  0:11  Probe (Chrono Boost)  
  14  0:18  Pylon  
  14  0:22  Probe (Chrono Boost)  
  15  0:36  Probe (Chrono Boost), Gateway  
  15  0:41  Assimilator  
  16  0:46  Probe (Chrono Boost)  
  17  0:51  Assimilator  
  18  0:57  Probe (Chrono Boost)  
  18  1:07  Probe (Chrono Boost)  
  19  1:18  Probe (Chrono Boost)  
  20  1:23  Cybernetics Core  
  20  1:28  Probe (Chrono Boost)  
  20  1:30  Pylon  
  21  1:39  Probe (Chrono Boost)  
  22  1:50  Probe (Chrono Boost)  
  23  1:59  Adept (Chrono Boost)  
  23  2:01  Mothership Core (Chrono Boost)  
  27  2:02  Stargate  
  27  2:24  Probe  
  28  2:33  Nexus  
  28  2:36  Pylon  
  28  2:39  Warp Gate (Chrono Boost)  
  28  2:46  Oracle (Chrono Boost)  
  31  2:54  Probe  
  32  3:05  Pylon  
  32  3:06  Probe  
  32  3:10  Adept  
  35  3:18  Probe  
  36  3:30  Probe  
  37  3:42  Probe  
  37  3:44  Probe  
  39  3:54  Probe  
  39  3:55  Probe  
  40  3:58  Oracle (Chrono Boost)  
  40  4:02  Robotics Facility  
  44  4:05  Probe  
  44  4:06  Probe  
  45  4:16  Probe  
  42  4:25  Mothership Core  
  42  4:26  Probe  
  44  4:37  Probe  
  44  4:45  Stalker  
  50  4:46  Probe  
  50  4:47  Probe  
  50  4:50  Observer (Chrono Boost)  
  50  4:51  Pylon  
  53  4:58  Probe  
  48  5:03  Gateway x2  
  48  5:15  Probe  
  48  5:16  Probe, Immortal (Chrono Boost)  
  54  5:24  Sentry  
  54  5:27  Probe  
  57  5:28  Probe  
  58  5:39  Probe, Assimilator  
  58  5:40  Probe  
  58  5:41  Assimilator  
  60  5:45  Stalker  
  62  5:50  Immortal  
  62  5:51  Probe  
  62  5:52  Probe  
  68  6:03  Probe  
  69  6:05  Probe  
  70  6:12  Pylon  
  70  6:15  Nexus  
  70  6:23  Probe  
  69  6:25  Probe  
  64  6:33  Stalker x3  
  64  6:36  Probe  
  64  6:39  Probe  
  72  6:48  Probe, Robotics Bay  
  72  6:51  Probe  
  74  7:00  Probe  
  75  7:12  Stalker  
  75  7:14  Probe  
  75  7:15  Probe  
  78  7:22  Pylon  
  75  7:27  Probe x2  
  77  7:36  Gateway  
  76  7:44  Colossus  
  82  7:58  Phoenix (Chrono Boost)  
  82  8:03  Stalker  
  86  8:10  Probe x2  
  86  8:11  Probe  
  89  8:19  Twilight Council  
  89  8:20  Sentry x2  
  89  8:23  Forge, Probe x2  
  95  8:27  Probe  
  95  8:33  Stalker  
  98  8:35  Probe x2  
  98  8:38  Probe  
  97  8:47  Stalker x2  
  97  8:48  Probe x2  
  87  8:49  Probe  
  78  8:56  Stalker  
  78  9:00  Probe  
  78  9:01  Probe  
  80  9:02  Probe  
  80  9:10  Stalker x2  
Show
View Real Time Build Order
Export as new Build Order

liquidthermy Terran - Winner!

Build Orders:  

Get SALT Encoding   

  12  0:01  SCV  
  13  0:14  SCV  
  14  0:17  Supply Depot  
  14  0:26  SCV  
  15  0:38  SCV  
  16  0:43  Barracks  
  16  0:44  Refinery  
  16  0:50  SCV  
  17  1:03  SCV  
  18  1:15  SCV  
  19  1:30  Marine, Orbital Command  
  20  1:43  Command Center  
  20  1:55  Factory  
  20  1:58  SCV  
  21  2:03  Barracks Reactor  
  21  2:08  Refinery  
  21  2:10  SCV  
  21  2:15  Supply Depot  
  22  2:23  SCV  
  23  2:36  SCV  
  24  2:39  Marine  
  24  2:40  Marine, Starport  
  24  2:41  Widow Mine  
  28  2:48  SCV  
  29  2:55  Orbital Command  
  29  2:58  Marine  
  29  3:00  Marine  
  29  3:02  SCV  
  32  3:11  Widow Mine  
  34  3:17  Medivac  
  34  3:19  Marine x2  
  37  3:26  Engineering Bay  
  37  3:30  Bunker  
  37  3:32  SCV  
  37  3:33  SCV  
  39  3:39  Supply Depot  
  39  3:40  Widow Mine  
  41  3:44  Marine  
  41  3:45  Marine  
  43  3:49  SCV  
  43  3:55  Missile Turret  
  44  3:57  Missile Turret  
  44  3:58  SCV  
  45  4:05  Medivac  
  45  4:09  Widow Mine  
  49  4:10  SCV  
  50  4:17  Marine  
  50  4:18  Supply Depot  
  50  4:19  SCV  
  50  4:20  Marine  
  50  4:23  Liberator  
  51  4:27  SCV  
  51  4:31  SCV  
  53  4:39  Widow Mine  
  53  4:43  SCV x2  
  53  4:44  Supply Depot  
  58  4:46  Marine  
  58  4:51  Marine  
  60  4:55  SCV  
  60  4:57  SCV  
  62  5:03  Supply Depot  
  62  5:05  Marine  
  62  5:06  Liberator  
  63  5:07  SCV  
  63  5:09  Marine, SCV  
  66  5:16  Barracks  
  66  5:17  Barracks  
  66  5:21  Widow Mine  
  62  5:23  Marine  
  62  5:27  Marine, Supply Depot  
  69  5:31  SCV  
  69  5:34  SCV  
  71  5:41  Marine  
  72  5:43  SCV  
  72  5:44  Marine  
  72  5:46  SCV  
  72  5:49  Widow Mine  
  77  5:57  Liberator, Terran Infantry Weapons Level 1  
  77  5:58  Marine  
  77  5:59  Barracks, Refinery  
  77  6:00  Barracks, Refinery  
  77  6:01  SCV  
  77  6:02  Marine  
  77  6:08  SCV  
  76  6:13  SCV  
  76  6:16  Marine  
  81  6:20  Supply Depot  
  81  6:21  Marine  
  81  6:23  SCV  
  83  6:25  SCV  
  83  6:31  Widow Mine  
  83  6:34  Marine  
  83  6:39  Marine  
  81  6:42  Liberator  
  81  6:47  Barracks Tech Lab x2  
  81  6:50  Command Center  
  81  6:52  Marine  
  82  7:00  Widow Mine  
  82  7:01  Marine  
  88  7:06  Stimpack, Combat Shields  
  88  7:07  Barracks Reactor, Barracks Tech Lab  
  86  7:10  Marine  
  87  7:16  Marine  
  87  7:17  Marauder  
  87  7:19  Marine  
  88  7:28  Widow Mine  
  90  7:30  Concussive Shells  
  90  7:34  Marine  
  90  7:35  Marauder, Supply Depot  
  93  7:38  Marine  
  93  7:43  Marauder  
  93  7:45  Missile Turret  
  93  7:52  Supply Depot  
  93  7:55  SCV  
  93  7:56  Marine, Medivac, SCV, Supply Depot  
  93  7:57  Marauder x2  
  102  8:01  Marine x2  
  102  8:05  Marauder, Marine  
  107  8:13  Orbital Command  
  107  8:14  SCV  
  108  8:21  Supply Depot  
  108  8:22  Marine x2, SCV  
  108  8:26  SCV  
  112  8:32  Marauder, Marine  
  115  8:39  Marine  
  115  8:40  Marauder, Marine  
  115  8:41  Marauder  
  116  8:44  Marine  
  117  8:49  Marine  
  117  8:52  Medivac  
  117  8:54  Marauder, SCV x2  
  124  8:57  Marine  
  124  9:00  Widow Mine  
  124  9:01  Marauder, Marine  
  124  9:02  Marauder, SCV  
  128  9:05  Marine  
  128  9:06  SCV  
  128  9:07  SCV  
  128  9:08  Marine  
  130  9:14  Marine  
  131  9:18  SCV  
  131  9:21  Starport  
Tags
 
Add a new tag
Caveats
  • Supply blocks, unpowered buildings, or Contaminate may cause inaccurate times.
  • Supply counts are checked every 10 seconds.